 Dungeon Crawl Stone Soup version 0.21.1-1-g345015f (webtiles) character file.

8500 KainKenai the Cleaver (level 11, 0/95 HPs)
             Began as a Minotaur Fighter on June 14, 2018.
             Was a Believer of Makhleb.
             Slain by a death yak (13 damage)
             ... on level 9 of the Dungeon.
             The game lasted 00:39:58 (7586 turns).

KainKenai the Cleaver (Minotaur Fighter)            Turns: 7586, Time: 00:39:59

Health: 0/95       AC: 15    Str: 26 (29) XL:     11   Next: 10%
Magic:  14/14      EV:  8    Int:  5 (8)  God:    Makhleb [**....]
Gold:   685        SH:  9    Dex:  7 (10) Spells: 10/10 levels left

rFire    + . .     SeeInvis .   D - +2 hand axe
rCold    . . .     Gourm    .   c - +0 shield
rNeg     . . .     Faith    .   o - +0 shadow dragon scales
rPois    .         Spirit   .   (helmet restricted)
rElec    .         Reflect  .   (no cloak)
rCorr    .         Harm     .   t - +0 pair of gloves
MR       .....                  (no boots)
Stlth    ++........             x - amulet of rage
HPRegen  0.25/turn              p - +6 ring of slaying
MPRegen  0.14/turn              l - ring of protection from fire

@: mighty, brilliant, berserk cooldown, flying, hasted and slowed
A: retaliatory headbutt, horns 2, dopey 1, mutation resistance 1
a: Minor Destruction, Renounce Religion, Evoke Berserk Rage


You were on level 9 of the Dungeon.
You worshipped Makhleb.
Makhleb was pleased with you.
You were hungry.

You visited 1 branch of the dungeon, and saw 9 of its levels.

You collected 685 gold pieces.

Inventory:

Hand Weapons
 D - a +2 hand axe (weapon)
Armour
 c - a +0 shield (worn)
 o - +0 shadow dragon scales (worn)
 t - a +0 pair of gloves (worn)
Jewellery
 b - an uncursed amulet of guardian spirit {unknown}
 l - a ring of protection from fire (right hand)
 p - a +6 ring of slaying (left hand)
 x - an amulet of rage (around neck)
Wands
 a - a wand of polymorph (18)
 C - a wand of disintegration (23)
 G - a wand of digging (19)
Scrolls
 e - 3 scrolls of enchant weapon
 k - 6 scrolls of teleportation
 q - 2 scrolls of random uselessness {unknown}
 s - a scroll of blinking {unknown}
 u - a scroll of noise {unknown}
 v - 5 scrolls of remove curse
 w - 2 scrolls of magic mapping
 y - 3 scrolls of amnesia
 A - a scroll of fear {unknown}
 B - 3 scrolls of identify
 F - a scroll of vulnerability {unknown}
 H - a scroll of fog {unknown}
Potions
 g - 2 potions of mutation
 i - a potion of haste
 m - 2 potions of brilliance
 E - a potion of flight
Books
 r - a book of Conjurations

   Spells                             Type                      Level
   a - Magic Dart                     Conjuration                  1
   b - Searing Ray                    Conjuration                  2
   c - Dazzling Spray                 Conjuration/Hexes            3
   d - Fulminant Prism                Conjuration/Hexes            4
   e - Force Lance                    Conjuration/Translocation    4
   f - Iskenderun's Mystic Blast      Conjuration                  4
Comestibles
 f - 15 rations


   Skills:
 + Level 8.6 Fighting
 * Level 10.6 Axes
 + Level 8.7 Armour
 + Level 6.9 Dodging
 - Level 4.0 Shields
 + Level 7.0 Unarmed Combat
 * Level 6.6 Evocations


You had 10 spell levels left.
You didn't know any spells.

Dungeon Overview and Level Annotations

Branches:
Dungeon (9/15)             Temple (0/1) D:6
   Lair: D:8-11         Orc: D:9-12

Altars:
Cheibriados
Dithmenos
Elyvilon
Gozag
Makhleb
Sif Muna
Zin

Shops:
D:5 *


Innate Abilities, Weirdness & Mutations

You reflexively headbutt those who attack you in melee.
You have a pair of horns on your head.
You are dopey. (Int -2)
You are somewhat resistant to further mutation.


Message History

You feel very mighty all of a sudden.
Your extra speed is starting to run out.
You slash the death yak!
The death yak is lightly wounded.
The death yak gores you!
Your shield and shadow dragon scales prevent you from hitting the death yak.
You headbutt the death yak.
The death yak is lightly wounded.
You block the death yak's attack.
You slash the death yak! You headbutt the death yak.
The death yak is moderately wounded.
The death yak gores you!
* * * LOW HITPOINT WARNING * * *
You slash the death yak!
The death yak is heavily wounded.
You block the death yak's attack.
You slash the death yak!
The death yak is severely wounded.
The death yak gores you!
You die...

########
#...rY@#
#.######
##.#####..
#r......#
#.####....
#.#.. ..r
#.#.# ..
#Y#<## .r.
#r...##..!.


You could see a death yak and a rat.

Vanquished Creatures
  2 two-headed ogres (D:8)
  2 death yaks (D:9)
  The ghost of Threepwind the Grappler, a novice TrMo (D:8)
  Pikel (D:6)
  The ghost of Ethylacetat the Quickloader, a novice TeHu (D:6)
  Psyche (D:8)
  A centaur skeleton (D:7)
  A queen bee (D:8)
  A hippogriff (D:8)
  A wyvern (D:8)
  A water moccasin (D:8)
  A porcupine (D:9)
  2 orc warriors (D:8)
  An ice beast (D:4)
  3 sky beasts
  4 ogres
  The ghost of Ethylacetat the Bolt Thrower, an amateur TeHu (D:3)
  A bullfrog (D:8)
  A scorpion (D:7)
  18 killer bees (D:8)
  A howler monkey (D:4)
  9 wights
  4 crimson imps
  A quasit (D:6)
  A centaur zombie (D:5)
  2 hounds
  A jelly (D:5)
  A bullfrog skeleton (D:4)
  An iguana (D:7)
  3 orc priests
  Natasha (thrice) (D:3)
  3 worker ants
  10 orc wizards
  A worker ant zombie (D:8)
  9 gnolls
  10 adders
  A shadow imp (D:6)
  6 worms
  A dart slug (D:4)
  2 leopard geckos
  26 orcs
  4 ball pythons
  3 giant cockroaches
  4 goblins
  8 hobgoblins
  2 jackals (D:6)
  4 quokkas
  12 bats
  4 frilled lizards
  7 kobolds
  3 rats
192 creatures vanquished.

Vanquished Creatures (others)
  A giant cockroach (D:6)
1 creature vanquished.

Grand Total: 193 creatures vanquished

Notes
Turn   | Place    | Note
-------+----------+-------------------------------------------
     0 | D:1      | KainKenai the Minotaur Fighter began the quest for the Orb.
     0 | D:1      | Reached XP level 1. HP: 19/19 MP: 0/0
   331 | D:1      | Reached XP level 2. HP: 20/27 MP: 1/1
  1389 | D:2      | Found a faded altar of an unknown god.
  1556 | D:2      | Reached skill level 1 in Unarmed Combat
  1556 | D:2      | Reached XP level 3. HP: 27/33 MP: 2/2
  1573 | D:2      | Reached skill level 3 in Axes
  1573 | D:2      | Reached skill level 1 in Dodging
  1636 | D:3      | Reached XP level 4. HP: 27/40 MP: 3/3
  2116 | D:3      | Noticed Ethylacetat's ghost (amateur TeHu)
  2135 | D:3      | Noticed Natasha
  2142 | D:3      | Killed Natasha
  2142 | D:3      | Reached XP level 5. HP: 28/47 MP: 4/4
  2197 | D:3      | Noticed Natasha
  2210 | D:3      | Killed Ethylacetat's ghost
  2216 | D:3      | Killed Natasha
  2323 | D:3      | Noticed Natasha
  2338 | D:3      | Killed Natasha
  2338 | D:3      | Reached skill level 4 in Axes
  2338 | D:3      | Reached XP level 6. HP: 24/55 MP: 5/5
  2403 | D:3      | Found a deep blue altar of Sif Muna.
  2688 | D:4      | Reached skill level 5 in Armour
  2694 | D:4      | Reached skill level 5 in Fighting
  2698 | D:4      | Found a snail-covered altar of Cheibriados.
  2990 | D:4      | Reached XP level 7. HP: 29/61 MP: 6/6
  3540 | D:4      | Found a glowing silver altar of Zin.
  3567 | D:4      | Reached skill level 5 in Axes
  3661 | D:5      | Entered Level 5 of the Dungeon
  4271 | D:5      | Found Xylatax's Serpentskin Sales.
  4574 | D:5      | Found a burning altar of Makhleb.
  4748 | D:5      | Became a worshipper of Makhleb the Destroyer
  4810 | D:6      | Reached XP level 8. HP: 69/70 MP: 7/7
  4859 | D:6      | Reached skill level 6 in Axes
  4875 | D:6      | Found a white marble altar of Elyvilon.
  4985 | D:6      | Reached skill level 1 in Evocations
  5092 | D:6      | Noticed Ethylacetat's ghost (novice TeHu)
  5115 | D:6      | Killed Ethylacetat's ghost
  5115 | D:6      | Reached * piety under Makhleb
  5115 | D:6      | Reached skill level 7 in Axes
  5323 | D:6      | Noticed Pikel
  5370 | D:6      | Killed Pikel
  5370 | D:6      | Reached skill level 5 in Dodging
  5370 | D:6      | Reached skill level 5 in Unarmed Combat
  5370 | D:6      | Reached XP level 9. HP: 66/78 MP: 8/10
  5387 | D:6      | Found a staircase to the Ecumenical Temple.
  5616 | D:7      | Reached skill level 8 in Axes
  6049 | D:8      | Found an opulent altar of Gozag.
  6187 | D:8      | Noticed a queen bee
  6193 | D:8      | Noticed Threepwind's ghost (novice TrMo)
  6201 | D:8      | Gained mutation: You are dopey. (Int -2) [potion of mutation]
  6201 | D:8      | Gained mutation: You are somewhat resistant to further mutation. [potion of mutation]
  6483 | D:8      | Noticed Psyche
  6497 | D:8      | Killed Psyche
  6497 | D:8      | Reached skill level 9 in Axes
  6497 | D:8      | Reached XP level 10. HP: 79/88 MP: 12/12
  6525 | D:8      | Reached skill level 5 in Evocations
  6545 | D:8      | Noticed a two-headed ogre
  6555 | D:8      | Killed a two-headed ogre
  6605 | D:8      | Reached ** piety under Makhleb
  6649 | D:8      | Noticed a two-headed ogre
  6658 | D:8      | Killed a two-headed ogre
  7160 | D:8      | Reached skill level 10 in Axes
  7283 | D:8      | Found a shadowy altar of Dithmenos.
  7363 | D:8      | Killed Threepwind's ghost
  7509 | D:9      | Noticed a death yak
  7521 | D:9      | Noticed a death yak
  7524 | D:9      | Noticed a death yak
  7524 | D:9      | Killed a death yak
  7524 | D:9      | Reached XP level 11. HP: 42/95 MP: 14/14
  7542 | D:9      | HP: 4/95 [death yak (7)]
  7574 | D:9      | Killed a death yak
  7586 | D:9      | Slain by a death yak

Skill      XL: |  1  2  3  4  5  6  7  8  9 10 11 |
---------------+----------------------------------+-----
Armour         | 4 5 6 7 8 |  8.7
Shields        | 4 |  4.0
Unarmed Combat | 1 2 3 4 5 6 7 |  7.0
Fighting       | 4 5 6 7 8 |  8.6
Axes           | 3 4 5 7 9 10 | 10.6
Dodging        | 1 2 3 4 5 6 |  6.9
Evocations     | 3 4 6 |  6.6

Action                   |  1- 3 |  4- 6 |  7- 9 | 10-12 || total
-------------------------+-------+-------+-------+-------++-------
Melee: War axe           |    65 |   132 |    90 |       ||   287
       Headbutt          |     5 |    16 |    57 |    27 ||   105
       Hand axe          |       |       |   192 |   129 ||   321
 Abil: Evoke Berserk Rag |       |       |     1 |     1 ||     2
  Use: Scroll            |       |     7 |     4 |       ||    11
       Potion            |       |       |     4 |     9 ||    13
 Stab: Sleeping          |     4 |     3 |     9 |     1 ||    17
  Eat: Chunk             |     2 |     5 |    12 |     4 ||    23
Armor: Scale mail        |    15 |       |       |       ||    15
       Shadow dragon sca |    24 |    82 |   163 |    46 ||   315
Dodge: Dodged            |    22 |    41 |   103 |    29 ||   195
Block: Shield            |    34 |    85 |   126 |    63 ||   308
